 Dungeon Crawl Stone Soup version 0.24.0-13-gcf9b319 (webtiles) character file.

Game seed: 18062603086877557967, levelgen mode: deterministic

80 Fang the Skirmisher (level 4, -1/29 HPs)
             Began as a Gargoyle Berserker on Dec 4, 2019.
             Was a Believer of Trog.
             Slain by a gnoll
             ... wielding a +2 halberd of protection
              (12 damage)
             ... on level 2 of the Dungeon.
             The game lasted 00:01:30 (1232 turns).

Fang the Skirmisher (Gargoyle Berserker)            Turns: 1232, Time: 00:01:31

Health: -1/29      AC:  5    Str: 22    XL:     4   Next: 39%
Magic:  4/4        EV: 12    Int:  7    God:    Trog [**....]
Gold:   90         SH:  0    Dex:  9    Spells: 3/3 levels left

rFire    . . .     SeeInvis .   a - +0 hand axe
rCold    . . .     Gourm    .   (no shield)
rNeg     + . .     Faith    .   b - +0 animal skin
rPois    ∞         Spirit   .   (no helmet)
rElec    +         Reflect  .   (no cloak)
rCorr    .         Harm     .   (no gloves)
MR       .....                  (no boots)
Stlth    +.........             (no amulet)
HPRegen  0.09/turn              (no ring)
MPRegen  0.09/turn              (no ring)

@: berserk cooldown, slowed, very slow
A: negative energy resistance 1, electricity resistance, unbreathing,
petrification resistance, rot immunity, AC +3
a: Berserk, Trog's Hand, Renounce Religion


You were on level 2 of the Dungeon.
You worshipped Trog.
Trog was pleased with you.
You were very hungry.

You visited 1 branch of the dungeon, and saw 2 of its levels.

You collected 90 gold pieces.

Inventory:

Hand Weapons
 a - a +0 hand axe (weapon)
Armour
 b - a +0 animal skin (worn)
Scrolls
 g - a scroll of identify {unknown}
 h - a scroll of teleportation {unknown}
 k - a scroll of enchant armour {unknown}
Potions
 d - a potion of flight {unknown}
 e - a potion of heal wounds {unknown}
 i - a potion of lignification {unknown}
 j - a potion of agility {unknown}
Comestibles
 c - 7 rations
 f - a chunk of flesh


   Skills:
 + Level 3.9 Fighting
 + Level 3.3 Axes
 + Level 3.0 Armour
 + Level 2.3 Dodging


You had 3 spell levels left.
You didn't know any spells.
Your spell library was empty.

Dungeon Overview and Level Annotations

Branches:
Dungeon (2/15)

Altars:
Xom


Innate Abilities, Weirdness & Mutations

You are resistant to torment.
Your stone body is resilient. (AC +3)
You are immune to poison.
You resist negative energy. (rN+)
You are resistant to electric shocks. (rElec)
You can survive without breathing.
You are immune to petrification.
You are immune to rotting.


Message History

The ball python is heavily wounded.
The ball python barely misses you. The ball python closely misses you.
A bat comes into view.
You are feeling very hungry.
You barely miss the ball python.
The ball python is heavily wounded.
The ball python completely misses you. The ball python grabs you.
The ball python constricts you.
You slice the ball python!!
You kill the ball python!
Trog accepts your kill.
You are no longer berserk.
You are exhausted.
You feel yourself slow down.
You closely miss the gnoll. The gnoll barely misses you.
The gnoll closely misses you.
The gnoll hits you but does no damage. x2
You see here a +0 ring mail.
You hit the gnoll but do no damage. You closely miss the gnoll.
The gnoll hits you with a +2 halberd of protection!
You die...

#.#.#.#
#.#.#..
#.#.### #.#..
#.# #.#####
#. #.....#
##..######.#
#..Kbg@)##.#
.....###g##.#
##. #....#
######


You could see 2 gnolls, a bat and a kobold.

Vanquished Creatures
  2 gnolls (D:2)
  An adder (D:2)
  A dart slug (D:1)
  2 leopard geckos (D:1)
  2 giant cockroaches
  9 goblins
  6 hobgoblins
  5 kobolds
  A quokka (D:2)
  2 ball pythons
  5 bats
  2 frilled lizards
  9 rats
47 creatures vanquished.

Notes
Turn   | Place    | Note
-------+----------+-------------------------------------------
     0 | D:1      | Fang the Gargoyle Berserker began the quest for the Orb.
     0 | D:1      | Reached XP level 1. HP: 14/14 MP: 1/1
   137 | D:1      | Reached XP level 2. HP: 19/19 MP: 2/2
   368 | D:1      | Reached XP level 3. HP: 22/23 MP: 3/3
   474 | D:2      | Found a faded altar of an unknown god.
   489 | D:2      | Reached ** piety under Trog
   517 | D:2      | Found a shimmering altar of Xom.
  1150 | D:2      | Reached XP level 4. HP: 29/29 MP: 4/4
  1232 | D:2      | Slain by a gnoll

Levels and vault maps discovered:
D:1:      wheals_arrival_linesprint, layout_rooms
D:2:      layout_basic, vehumet_crystals, lemuel_doored_altar,
          chequers_ecumenical_altar_simple, ebering_dispersal_statue_hall,
          minmay_tromino_v4_c, uniq_crazy_yiuf_cottage

Skill      XL: |  1  2  3  4 |
---------------+-------------+-----
Axes           | 3 |  3.3
Dodging        | 2 |  2.3
Armour         | 3 |  3.0
Fighting       | |  3.9

Action                   |  1- 3 |  4- 6 || total
-------------------------+-------+-------++-------
Melee: Hand axe          |   110 |    20 ||   130
Invok: Berserk           |       |     1 ||     1
  Eat: Chunk             |     1 |       ||     1
Armor: Animal skin       |    60 |     7 ||    67
Dodge: Dodged            |    83 |    16 ||    99
